 Dungeon Crawl Stone Soup version 0.30-a0-986-g7f2e898f52 (webtiles) character file.

Game seed: 9734692555120663192

14 DeathPants the Chiller (level 2, 0/14 HPs)
             Began as a Vine Stalker Ice Elementalist on Apr 1, 2023.
             Succumbed to an adder's poison
             ... on level 2 of the Dungeon.
             The game lasted 00:02:34 (942 turns).

DeathPants the Chiller (VSIE)                        Turns: 942, Time: 00:02:34

Health: 0/14       AC:  2    Str: 10    XL:     2   Next: 45%
Magic:  1/6        EV: 12    Int: 15    God:
Gold:   59         SH:  0    Dex: 14    Spells: 4/5 levels left

rFire   . . .      SeeInvis .    e - +0 dagger
rCold   . . .      Faith    .    (no shield)
rNeg    . . .      Spirit   +    a - +0 robe
rPois   .          Reflect  .    (no helmet)
rElec   .          Rampage  .    (no cloak)
rCorr   .                        (no gloves)
Will    +....                    (no boots)
Stlth   ++                       (no amulet)
HPRegen 0.22/turn                h - ring of willpower
MPRegen 0.10/turn                (no ring)

@: lethally poisoned (0 -> -6)
A: fangs 2, magic shield, antimagic bite, no potion heal 2
a: no special abilities


You were on level 2 of the Dungeon.
You visited 1 branch of the dungeon, and saw 2 of its levels.

You collected 59 gold pieces.

Inventory:

Hand Weapons
 e - a +0 dagger (weapon)
Armour
 a - a +0 robe (worn)
Jewellery
 h - a ring of willpower (left hand)
Scrolls
 g - a scroll of identify {unknown}
 i - a scroll of blinking {unknown}
Potions
 b - a potion of magic
 c - a potion of haste {unknown}
 d - 2 potions of heal wounds {unknown}
 f - 2 potions of attraction {unknown}


   Skills:
 + Level 0.7 Fighting
 + Level 1.8 Dodging
 - Level 2.4 Stealth
 + Level 2.4 Spellcasting
 + Level 4.1 Ice Magic


You had 4 spell levels left.
You knew the following spells:

 Your Spells              Type           Power      Damage    Failure   Level
a - Freeze                Ice            56%        1d7       3%          1

Your spell library contained the following spells:

 Spells                   Type           Power      Damage    Failure   Level
 Frozen Ramparts          Ice            28%        1d5       12%         3
 Ozocubu's Armour         Ice            14%        N/A       12%         3
 Summon Ice Beast         Ice/Summ       8%         N/A       65%         4


Dungeon Overview and Level Annotations

Branches:
Dungeon (2/15)

Altars:


Innate Abilities, Weirdness & Mutations

You have extremely sharp teeth.
When hurt, damage is shared between your health and your magic reserves.
Your bite disrupts and absorbs the magic of your enemies.
Potions cannot restore your health.


Message History

Aim: an adder (moderately wounded, slow)
You freeze the adder.
The adder is moderately wounded.
The adder seems to slow down.
The adder barely misses you.
You miss the adder. Your bite misses the adder.
The adder is moderately wounded.
The adder bites you but does no damage.
You barely miss the adder. Your bite misses the adder.
The adder is moderately wounded.
The adder barely misses you.
You hit the adder but do no damage. You bite the adder. You drain its power.
You feel invigorated.
The adder is moderately wounded.
The adder bites you.
You are poisoned.
The adder poisons you!
Your magical contamination has completely faded away.
You barely miss the adder.
The adder is moderately wounded.
You feel sick.
You completely miss the adder.
The adder is moderately wounded.
You feel sick.
The adder is no longer moving slowly.
The adder bites you.
You are lethally poisoned!
The adder poisons you!
You hit the adder.
The adder is severely wounded.
* * * LOW HITPOINT WARNING * * *
You feel very sick. The adder bites you.
* * * LOW HITPOINT WARNING * * *
You hit the adder.
The adder is almost dead.
* * * LOW HITPOINT WARNING * * *
You feel sick. The adder barely misses you.
The adder bites you but does no damage.
You hit the adder.
You kill the adder!
You die...

#####.......#
#....##.###
#..........
#...###.###
#..$# # #...#
#...#
#...########
#...@.......
#..#########
..... ######


There were no monsters in sight!

Vanquished Creatures
  An adder (D:2)
  A ball python (D:1)
  A giant cockroach (D:2)
  3 hobgoblins
  2 quokkas (D:1)
  A bat (D:1)
  2 frilled lizards (D:1)
  2 goblins (D:1)
  2 rats (D:1)
15 creatures vanquished.

Notes
Turn   | Place    | Note
-------+----------+-------------------------------------------
     0 | D:1      | DeathPants the Vine Stalker Ice Elementalist began the
                  | quest for the Orb.
     0 | D:1      | Reached XP level 1. HP: 9/9 MP: 4/4
   153 | D:2      | Identified the +4 scale mail of Otee {Rampage *Corrode
                  | Int-3 Dex+5}
   329 | D:1      | Reached XP level 2. HP: 14/14 MP: 3/6
   520 | D:1      | Found a faded altar of an unknown god.
   942 | D:2      | Succumbed to an adder's poison

Illustrated notes

Levels and vault maps discovered:
D:1:      ebering_hopf_link, layout_basic, basic_ecumenical_altar,
          serial_forest, infiniplex_forest_clump_cross,
          infiniplex_forest_straight_3, infiniplex_forest_zigzag_2,
          infiniplex_forest_lined_1, infiniplex_forest_clump_double,
          infiniplex_forest_straight_5, infiniplex_forest_clump_diagonal,
          infiniplex_forest_end_3, infiniplex_forest_end_double,
          grunt_decor_junction
D:2:      layout_basic

Action                     || total
---------------------------++-------
  Melee: Unarmed           ||     4
         Bite              ||     5
         Dagger            ||    15
   Cast: Freeze            ||    20
 Armour: Robe              ||     4
  Dodge: Dodged            ||    21

Table legend: (Time is in decaauts)
 A = Elapsed time spent in this place.
 B = Non-inter-level travel time spent in this place.
 C = Inter-level travel time spent in this place.
 D = Time resting spent in this place.
 E = Time spent auto-exploring this place.
 F = Levels seen in this place.
 G = Mean time per level.
                   A        B        C        D        E       F      G
               +--------+--------+--------+--------+--------+-----+--------+
         Total |    941 |    921 |     20 |      0 |    749 |   2 |  470.5 |
       Dungeon |    941 |    921 |     20 |      0 |    749 |   2 |  470.5 |
               +--------+--------+--------+--------+--------+-----+--------+

Top non-repeatable levels by time:
     D:1: 877 daAuts
     D:2: 64 daAuts
